cohdb
Replays
Latest Replays
All Replays
Popular Replays
Top Player Replays
Match Explorer
How It Works
Community
CoH3 Stats
Reddit
Sign in to upload your games and track your stats! →
Sign in with Steam
Match 30870549
Unlisted
Match 30870549
Overview
Messages
Build Orders
End
Panzergrenadier Squad
Selects Battlefield Espionage Battlegroup
Panzergrenadier Squad
250 Light Carrier
Construct Light Support Kompanie
Combat Half-tracks
MG34 Team
Fire Support Elements
2.5-tonne Medical Truck
Selects Intel Disruption Beacon
Pak 38 Mechanized Group
Veteran Squad Leaders
Construct Panzerarmee Kommand
Vehicle Survival Package
le.IG 18 Mechanized Group
Selects Plunder
Selects 250/3 Funkpanzerwagen
Selects Advanced Ambush Training
Armored Reserves
2.5-tonne Medical Truck
2.5-tonne Medical Truck
Panzer IV Assault Group
Tiger Heavy Tank
AI Takeover
Hareun
jodone
聽取蛙聲一片
AWACS Sky Keeper
Leave out all the rest
Ashley
0
0
Comments
sign in to comment!
No comments posted yet!